Map: Newkirk Precinct TE (Void)

Players

Victorruiz

  • Race: Terran Terran
  • League: Diamond
  • Spawn Location: 7:00

Musumeci - Winner!

  • Race: Zerg Zerg
  • League: Diamond
  • Spawn Location: 5:00

VOD

Have the link to the VOD?

Description

Time

  • Played on: Feb. 9, 2017, 3:30 p.m.
  • Length: 4:12
Show
View Real Time Build Order
Export as new Build Order

Victorruiz Terran 

Build Orders:  

Get SALT Encoding   

  12  0:00  SCV  
  13  0:13  SCV  
  14  0:18  Supply Depot  
  14  0:25  SCV  
  15  0:31  Refinery  
  15  0:40  SCV  
  16  0:46  Barracks  
  16  0:54  SCV  
  17  1:06  SCV  
  19  1:18  SCV  
  19  1:30  SCV  
  20  1:34  Marine  
  21  1:42  Bunker  
  21  1:47  Orbital Command  
  21  1:52  Marine  
  22  2:00  Factory  
  22  2:09  Marine  
  23  2:18  Supply Depot  
  23  2:19  SCV  
  24  2:31  SCV, Marine  
  26  2:43  SCV  
  22  3:12  Factory Tech Lab  
  22  3:13  SCV  
  22  3:19  Barracks Reactor, Supply Depot  
  23  3:25  SCV  
  24  3:27  Bunker  
  24  3:31  Siege Tank  
  26  3:41  SCV  
  26  3:43  Barracks  
  24  3:53  SCV  
Show
View Real Time Build Order
Export as new Build Order

Musumeci Zerg - Winner!

Build Orders: Pool First 

Get SALT Encoding   

  12  0:11  Drone  
  12  0:12  Drone  
  14  0:15  Extractor  
  14  0:16  Drone  
  15  0:33  Spawning Pool  
  14  0:44  Drone, Extractor  
  15  1:10  Hatchery  
  14  1:24  Overlord  
  14  1:38  Hatchery  
  13  1:48  Zergling x4  
  13  1:49  Zergling x2  
  16  2:03  Zergling x2  
  17  2:11  Zergling x2  
  18  2:23  Zergling x2  
  21  2:31  Zergling x2  
  20  2:40  Zergling x2  
  21  2:50  Overlord  
  20  2:55  Zergling x2  
  20  2:56  Queen  
  22  3:04  Zergling x2  
  21  3:05  Zergling x2  
  21  3:06  Zergling x4  
  22  3:13  Zergling x2  
  23  3:24  Zergling x2  
  23  3:25  Zergling x2  
  25  3:42  Zergling x2  
  25  3:43  Zergling x4  
Tags
 
Add a new tag
Caveats
  • Supply blocks, unpowered buildings, or Contaminate may cause inaccurate times.
  • Supply counts are checked every 10 seconds.